 Dungeon Crawl Stone Soup version 0.25-a0-523-g9afb2ee040 (webtiles) character file.

Game seed: 10943532931107926580, levelgen mode: deterministic

4655 Flugslaktarn the Protected (level 10, -11/94 HPs)
             Began as a Deep Dwarf Fighter on Feb 18, 2020.
             Was an Elder of Makhleb.
             Mangled by a death yak (13 damage)
             ... on level 8 of the Dungeon.
             The game lasted 00:04:35 (4751 turns).

Flugslaktarn the Protected (Deep Dwarf Fighter)     Turns: 4751, Time: 00:04:35

Health: -11/94     AC: 14    Str: 28    XL:     10   Next: 20%
Magic:  12/12      EV:  8    Int: 13    God:    Makhleb [****..]
Gold:   156        SH: 12    Dex: 12    Spells: 9/9 levels left

rFire    . . .     SeeInvis .   H - +5 hand axe "Baxahoa" {vamp, MR++ Int+4 Stlth-}
rCold    . . .     Gourm    .   c - +0 kite shield
rNeg     + . .     Faith    .   b - +0 scale mail
rPois    .         Spirit   .   f - +2 helmet
rElec    +         Reflect  .   (no cloak)
rCorr    .         Harm     .   o - +0 pair of gloves of Rucuemmo {rElec}
MR       +++..                  (no boots)
Stlth    ..........             (no amulet)
HPRegen  0.00/turn              p - +1 ring of protection
MPRegen  0.13/turn              n - ring of positive energy

@: mighty, non-regenerating
A: damage resistance, heal wounds, sense surroundings 2, no regeneration
a: Heal Wounds, Minor Destruction, Lesser Servant of Makhleb, Major Destruction,
Renounce Religion


You were on level 8 of the Dungeon.
You worshipped Makhleb.
Makhleb was greatly pleased with you.
You were not hungry.

You visited 2 branches of the dungeon, and saw 9 of its levels.
You also visited: Sewer and Ossuary.

You collected 336 gold pieces.
You spent 180 gold pieces at shops.

Inventory:

Hand Weapons
 a - a +1 war axe
 H - the +5 hand axe "Baxahoa" (weapon) {vamp, MR++ Int+4 Stlth-}
   (You found it on level 6 of the Dungeon)

   It inflicts no extra harm, but heals its wielder when it wounds a living foe.
   It affects your intelligence (+4).
   It affects your resistance to hostile enchantments.
   It makes you less stealthy.
Missiles
 u - 2 throwing nets (quivered)
Armour
 b - a +0 scale mail (worn)
 c - a +0 kite shield (worn)
 f - a +2 helmet (worn)
   (You took it off Robin on level 3 of the Dungeon)
 o - the +0 pair of gloves of Rucuemmo (worn) {rElec}
   (You found it on level 4 of the Dungeon)

   It insulates you from electricity.
   If you remove this armour, your AC will decrease by 2 (14 -> 12).
Jewellery
 k - an uncursed ring of ice
   (You found it on level 2 of the Dungeon)
 n - a ring of positive energy (right hand)
   (You found it on level 6 of the Dungeon)
 p - a +1 ring of protection (left hand)
   (You found it on level 5 of the Dungeon)
Wands
 E - a wand of iceblast (8)
   (You found it on level 6 of the Dungeon)
Scrolls
 g - a scroll of amnesia
 m - a scroll of magic mapping
 r - a scroll of identify
 t - 7 scrolls of teleportation
 y - 4 scrolls of fear
 z - 2 scrolls of blinking
 A - a scroll of enchant armour
Potions
 d - a potion of might
 h - a potion of haste
 j - 2 potions of lignification
 l - 2 potions of brilliance
 q - 7 potions of curing
 s - a potion of stabbing {unknown}
 w - 4 potions of heal wounds
 B - 4 potions of flight
 D - 2 potions of magic
 F - a potion of resistance
 G - a potion of invisibility
Comestibles
 e - 12 rations
 i - 2 chunks of flesh


   Skills:
 + Level 7.1 Fighting
 + Level 8.1 Axes
 + Level 8.5 Armour
 + Level 8.5 Shields
 + Level 5.9 Invocations


You had 9 spell levels left.
You didn't know any spells.
Your spell library was empty.

Dungeon Overview and Level Annotations

Branches:
Dungeon (8/15)             Temple (1/1) D:4            Lair (0/6) D:8
  Sewer (visited)         Ossuary (visited)

Altars:
Elyvilon
Hepliaklqana
Makhleb
Okawaru
Qazlal
Ru
Trog
Uskayaw
Xom
The Shining One

Shops:
D:6 *   D:7 =


Innate Abilities, Weirdness & Mutations

You are resistant to damage.
You can heal yourself by infusing magical energy.
You passively map the area around you.
You do not regenerate.


Message History

* * * LOW HITPOINT WARNING * * *
The worker ant waves its antennae.
You hit the death yak but do no damage.
The death yak is lightly wounded.
You block the death yak's attack.
You slice the death yak!!
You feel better.
The death yak is moderately wounded.
The death yak gores you!
* * * LOW HITPOINT WARNING * * *
You slash the death yak!
The death yak is heavily wounded.
The death yak gores you but does no damage.
You slash the death yak!
You feel better.
The death yak is severely wounded.
The death yak gores you!!
* * * LOW HITPOINT WARNING * * *
You slash the death yak!
The death yak is severely wounded.
The death yak gores you!
You die...

, ,.......... ** * ,
.,........ , , , , ..
>...... * * ## * ... .....
,.#*.# ..#.#.... * ##.##.#
,, , ......%r# #.....## *
, ,, .....rS†# #.....#.,
...$.rra#######.#...#.####
,,,,
####.rrrY@....>.#...#.#<..
, #..#########......#)..#.
* * #. ..##...##..###.# ,,
# * * #.............# ,
#.#.#####.##### **
,...#......># * *,,
..#,#########** , * #.# ,
, , ** ,#.* * ** *


You could see a death yak, 3 hell rats, a porcupine, a worker ant, an adder, a
river rat and a quokka.

Vanquished Creatures
  2 death yaks (D:8)
  Joseph (D:7)
  A hippogriff (D:7)
  A spriggan (D:7)
  An ice beast (D:7)
  An orc warrior (D:7)
  A necrophage (D:5)
  A sky beast (D:7)
  2 ogres
  2 centaurs (D:5)
  2 bullfrogs (D:7)
  A scorpion (D:4)
  5 killer bees (D:7)
  4 crimson imps
  3 bullfrog zombies (Ossuary)
  2 centaur zombies
  A quasit (D:7)
  An orc priest (D:7)
  2 jellies
  2 bullfrog skeletons (D:5)
  3 hounds
  An iguana (D:5)
  Ijyb (D:3)
  Natasha (D:4)
  6 orc wizards
  5 worker ants
  3 hound zombies
  A hound skeleton (D:4)
  16 mummies (Ossuary)
  2 worker ant zombies
  Robin (D:3)
  4 gnolls (D:5)
  A river rat (D:6)
  13 adders
  An ooze (D:6)
  5 adder zombies
  6 worms
  5 leopard geckos
  13 orcs
  A ball python (D:4)
  7 giant cockroaches
  13 goblins
  9 hobgoblins
  13 jackals
  8 kobolds
  2 quokkas
  10 bats
  4 frilled lizards
  3 leopard gecko skeletons
  4 rats
198 creatures vanquished.

Vanquished Creatures (others)
  2 withered plants (Ossuary)
2 creatures vanquished.

Grand Total: 200 creatures vanquished

Notes
Turn   | Place    | Note
-------+----------+-------------------------------------------
     0 | D:1      | Flugslaktarn the Deep Dwarf Fighter began the quest for the
                  | Orb.
     0 | D:1      | Reached XP level 1. HP: 20/20 MP: 1/1
   192 | D:2      | Reached XP level 2. HP: 27/27 MP: 2/2
   322 | D:2      | Reached XP level 3. HP: 32/34 MP: 3/3
   398 | D:3      | Reached XP level 4. HP: 36/42 MP: 4/4
   458 | D:3      | Noticed Robin
   498 | D:3      | Killed Robin
   545 | D:3      | Noticed Ijyb
   556 | D:3      | Killed Ijyb
   605 | D:3      | Reached XP level 5. HP: 48/49 MP: 5/5
   920 | D:4      | Noticed an ogre
   938 | D:4      | Killed an ogre
   945 | D:4      | Reached XP level 6. HP: 27/57 MP: 6/6
   952 | D:4      | Found a staircase to the Ecumenical Temple.
   980 | Temple   | Entered the Ecumenical Temple
  1092 | Temple   | Became a worshipper of Makhleb the Destroyer
  1246 | D:4      | Got a pair of ichor-stained gloves
  1252 | D:4      | Identified the +0 pair of gloves of Rucuemmo {rElec} (You
                  | found it on level 4 of the Dungeon)
  1379 | D:4      | Reached skill level 5 in Armour
  1379 | D:4      | Reached skill level 5 in Shields
  1530 | D:4      | Noticed Natasha
  1536 | D:4      | Killed Natasha
  1822 | D:5      | Entered Level 5 of the Dungeon
  1831 | D:5      | Reached XP level 7. HP: 57/64 MP: 7/7
  1924 | D:5      | Reached skill level 5 in Axes
  1926 | D:5      | Reached * piety under Makhleb
  2160 | D:5      | Reached skill level 5 in Fighting
  2160 | D:5      | Reached XP level 8. HP: 48/74 MP: 7/7
  2391 | D:6      | Found a sand-covered staircase.
  2404 | Ossuary  | Entered an ossuary
  2470 | Ossuary  | Reached ** piety under Makhleb
  2720 | D:6      | Reached skill level 1 in Invocations
  2846 | D:6      | Found a glowing drain.
  2854 | Sewer    | Entered a sewer
  3447 | D:6      | Got a scorched hand axe
  3448 | D:6      | Identified the +5 hand axe "Baxahoa" {vamp, MR++ Int+4
                  | Stlth-} (You found it on level 6 of the Dungeon)
  3483 | D:6      | Reached *** piety under Makhleb
  3577 | D:6      | Found Fopiqao's Assorted Antiques.
  3580 | D:6      | Bought a potion of heal wounds for 180 gold pieces
  4011 | D:7      | Found a bloodstained altar of Trog.
  4047 | D:7      | Gained mutation: You passively map the area around you.
                  | [Deep Dwarf growth]
  4047 | D:7      | Reached XP level 9. HP: 82/82 MP: 8/8
  4061 | D:7      | Found Gofoofe's Jewellery Boutique.
  4407 | D:7      | Noticed Joseph
  4428 | D:7      | Killed Joseph
  4596 | D:7      | Reached **** piety under Makhleb
  4693 | D:8      | Noticed a death yak
  4694 | D:8      | Found a staircase to the Lair.
  4694 | D:8      | Noticed a death yak
  4698 | D:8      | Noticed a death yak
  4729 | D:8      | Killed a death yak
  4729 | D:8      | Reached skill level 5 in Invocations
  4729 | D:8      | Reached XP level 10. HP: 21/92 MP: 10/12
  4744 | D:8      | Killed a death yak
  4750 | D:8      | HP: 2/94 [death yak (17)]
  4751 | D:8      | Mangled by a death yak

Levels and vault maps discovered:
D:1:      dpeg_arrival_three_smaller_balls, layout_loops_ring
D:2:      layout_loops_cross, st_stairs_3, grunt_ministairs_10
D:3:      layout_loops_cross, first_ration, minmay_misc_feat_four_crosses,
          uniq_ijyb, uniq_robin
D:4:      layout_basic, minmay_temple_entry_purple_smoke, uniq_natasha
D:5:      layout_rooms, serial_rivers, chequers_serial_rivers_small_a,
          chequers_serial_rivers_micro_c, chequers_serial_rivers_room_a,
          chequers_serial_rivers_marsh, chequers_serial_rivers_small_a,
          chequers_serial_rivers_small_3
D:6:      layout_rooms, serial_shops, nicolae_shop_window_shopping,
          nicolae_ossuary_entry_false_entrances, gup_sewer_entry_spiral,
          roderic_serpentine_path
D:7:      layout_basic, serial_shops, shop, palyth_stone_intersect, the_bakery,
          trog_hazing_becter, uniq_joseph
D:8:      layout_basic, dpeg_lair_monsters, serial_shops,
          nicolae_shop_waterfront, minmay_misc_feat_doors
Temple:   roderic_octagonal_lattice_temple

Skill      XL: |  1  2  3  4  5  6  7  8  9 10 |
---------------+-------------------------------+-----
Fighting       | 3 4 5 6 7 |  7.1
Axes           | 3 4 5 6 7 8 |  8.1
Shields        | 4 5 6 7 8 |  8.5
Armour         | 4 5 6 7 8 |  8.5
Invocations    | 2 5 |  5.9

Action                   |  1- 3 |  4- 6 |  7- 9 | 10-12 || total
-------------------------+-------+-------+-------+-------++-------
Melee: War axe           |    82 |   256 |   347 |       ||   685
       Hand axe          |       |       |   201 |    18 ||   219
 Abil: Heal Wounds       |       |     5 |     8 |     2 ||    15
  Use: Scroll            |       |       |    22 |       ||    22
       Potion            |       |       |     1 |       ||     1
  Eat: Chunk             |       |     4 |     8 |       ||    12
       Ration            |       |       |     1 |       ||     1
Armor: Scale mail        |    43 |   104 |   252 |     3 ||   402
Dodge: Dodged            |    36 |    85 |   206 |     1 ||   328
Block: Kite shield       |    49 |   161 |   338 |     5 ||   553

Table legend:
 A = Non-vault XP
 B = Vault XP
 C = Vault XP percentage of total XP
 D = Non-vault monster count
 E = Vault monster count
 F = Vault count percentage of total count
                 A         B        C        D         E       F
            +---------+---------+-------+---------+---------+-------
      Total |    3330 |    3320 |  49.9 |     125 |      73 |  36.9
            +---------+---------+-------+---------+---------+-------
        D:1 |       7 |       0 |   0.0 |       5 |       0 |   0.0
        D:2 |      35 |       4 |  10.3 |      10 |       2 |  16.7
        D:3 |     139 |      71 |  33.8 |      26 |      12 |  31.6
        D:4 |     431 |      36 |   7.7 |      17 |       1 |   5.6
        D:5 |     872 |       0 |   0.0 |      26 |       0 |   0.0
        D:6 |     172 |      28 |  14.0 |       9 |       7 |  43.8
        D:7 |    1661 |     688 |  29.3 |      31 |       8 |  20.5
        D:8 |      13 |    1764 |  99.3 |       1 |       2 |  66.7
      Sewer |       0 |      37 | 100.0 |       0 |      17 | 100.0
    Ossuary |       0 |     692 | 100.0 |       0 |      24 | 100.0
            +---------+---------+-------+---------+---------+-------
